 Dungeon Crawl Stone Soup version 0.18-a0-1027-g814d7dd (console) character file.

1753 FIQ the Cudgeler (level 8, -4/64 HPs)
             Began as a Demonspawn Fighter on Jan 7, 2016.
             Was a Follower of Yredelemnul.
             Killed from afar by an orc wizard (6 damage)
             ... with a magic dart
             ... on level 5 of the Dungeon on Jan 8, 2016.
             The game lasted 00:21:15 (3596 turns).

FIQ the Cudgeler (Demonspawn Fighter)               Turns: 3596, Time: 00:21:15

Health: -4/64      AC:  9    Str: 17    XL:     8   Next: 78%
Magic:  8/8        EV: 12    Int: 10    God:    Yredelemnul [*.....]
Gold:   180        SH: 10    Dex: 19    Spells: 0 memorised, 7 levels left

rFire  . . .     SeeInvis .     a - +0 flail
rCold  . . .     Gourm    .     b - +0 scale mail
rNeg   . . .     Faith    .     c - +0 shield
rPois  .         Spirit   .     (no helmet)
rElec  .         Dismiss  .     (no cloak)
rCorr  .         Reflect  .     (no gloves)
SustAt .         Harm     .     (no boots)
MR     .....                    (no amulet)
Stlth  ++........               (no ring)
                                (no ring)

@: agile, not resistant to hostile enchantments, unstealthy
A: claws 1, yellow scales 1, nightstalker 1, spiny 1
a: Animate Remains, Renounce Religion


You were on level 5 of the Dungeon.
You worshipped Yredelemnul.
Yredelemnul was aware of your devotion.
You were not hungry.

You visited 2 branches of the dungeon, and saw 6 of its levels.

You collected 180 gold pieces.

Inventory:

Hand Weapons
 a - a +0 flail (weapon)
Armour
 b - a +0 scale mail (worn)
 c - a +0 shield (worn)
Wands
 d - a wand of random effects (43/48)
Scrolls
 g - 3 scrolls of remove curse
 i - a scroll of teleportation
 m - a scroll of blinking
 n - a scroll of immolation
 q - a scroll of fog
 r - 2 scrolls of noise
 v - 2 scrolls of amnesia
Potions
 e - a potion of flight
 l - a potion of brilliance {unknown}
Books
 w - a book of Dreams

   Spells                             Type                      Level
   a - Ensorcelled Hibernation        Hexes/Ice                    2
   b - Phase Shift                    Translocation                5
   c - Silence                        Hexes/Air                    5
   d - Darkness                       Hexes                        6
   e - Mass Confusion                 Hexes                        6
   f - Shadow Creatures               Summoning                    6
Comestibles
 f - 4 bread rations
 h - 3 meat rations
 k - 5 chunks of flesh
 t - 2 fruits


   Skills:
 + Level 5.7 Fighting
 * Level 6.7 Maces & Flails
 + Level 5.5 Armour
 + Level 5.4 Shields


You had 7 spell levels left.
You didn't know any spells.

Dungeon Overview and Level Annotations

Branches:
Dungeon (5/15)             Temple (1/1) D:4

Altars:
Ashenzari
Cheibriados
Dithmenos
Makhleb
Nemelex Xobeh
Okawaru
Pakellas
Ru
Vehumet
Xom
Yredelemnul
Zin


Innate Abilities, Weirdness & Mutations

You have sharp fingernails.
You are partially covered in yellow scales (AC +2).
You are slightly more attuned to the shadows.
You are partially covered in sharp spines.


Message History

You kill the orc!
Yredelemnul accepts your kill.
The orc wizard looks braver for a moment.
You hit the orc wizard but do no damage.
You block the orc wizard's attack.
You thump the orc wizard!
The orc wizard is heavily wounded.
The orc wizard casts a spell at you. The magic dart hits you!
* * * LOW HITPOINT WARNING * * *
The orc wizard casts a cantrip, but nothing happens.
Your shield and scale mail prevent you from hitting the orc wizard.
The orc wizard is heavily wounded.
The orc wizard casts a spell at you. The puff of frost hits you!
* * * LOW HITPOINT WARNING * * *
The orc wizard gestures at you while chanting.
The magic dart hits you!
You die...
Your body rises from the dead as a mindless zombie.

..##...5{s....
#.......###+#..#.
####...#S.....
###.#รท##.......## #
#...##.....
#.#.##........# #...#
#...#
####.#.##.........
#...#
######....#.#########.#
#...# #......#..#.# ###
+...# .....o#....#.# #.
.....##.#..#.##### #.
..... #.#.....(..+ #.
...# #o#..#.##### . ##
## ### #@#..#.# ...# ..
.......#..#.# .... ##
######.#..#.# ### #
#<#..#.# # #.#..#.# #
...... ##### # ##.#.#
#...### # +...... #
####...### # ..........
# .####...###


You could see an orc wizard.

Vanquished Creatures
  A hill giant (D:5)
  A troll (D:5)
  Grinder (D:4)
  Edmund (D:5)
  A sky beast (D:5)
  2 ogres (D:5)
  2 scorpions
  2 crimson imps (D:5)
  An orc wizard (D:5)
  Terence (D:3)
  2 worker ants (D:4)
  A hound skeleton (D:4)
  A worker ant zombie (D:5)
  11 adders
  3 oozes
  2 adder skeletons
  2 worms
  7 giant geckos
  2 orcs (D:5)
  6 bats
  4 giant cockroaches
  7 goblins
  9 hobgoblins
  5 jackals
  2 quokkas
  2 ball pythons
  3 giant newts
  6 kobolds
  6 rats
94 creatures vanquished.

Notes
Turn   | Place    | Note
--------------------------------------------------------------
     0 | D:1      | FIQ the Demonspawn Fighter began the quest for the Orb.
     0 | D:1      | Reached XP level 1. HP: 18/18 MP: 1/1
     0 | D:1      | Upgraded the game from 0.18-a0-1017-gae0b928 to 0.18-a0-1027-g814d7dd
   138 | D:1      | Gained mutation: You are partially covered in sharp spines. [demonic ancestry]
   138 | D:1      | Reached XP level 2. HP: 21/24 MP: 2/2
   734 | D:2      | Gained mutation: You are partially covered in yellow scales (AC +2). [demonic ancestry]
   734 | D:2      | Reached XP level 3. HP: 21/29 MP: 3/3
   790 | D:2      | Found a basalt altar of Yredelemnul.
   803 | D:2      | Became a worshipper of Yredelemnul the Dark
   907 | D:2      | Gained mutation: You have sharp fingernails. [demonic ancestry]
   907 | D:2      | Reached XP level 4. HP: 35/35 MP: 4/4
  1425 | D:2      | Reached * piety under Yredelemnul
  1592 | D:3      | Noticed Terence
  1600 | D:3      | Killed Terence
  1602 | D:3      | Reached XP level 5. HP: 39/42 MP: 5/5
  2110 | D:4      | Found a staircase to the Ecumenical Temple.
  2117 | Temple   | Entered the Ecumenical Temple
  2403 | D:4      | Reached skill level 4 in Armour
  2430 | D:4      | Reached XP level 6. HP: 36/48 MP: 6/6
  2458 | D:4      | Noticed Grinder
  2469 | D:4      | Paralysed by Grinder for 7 turns
  2480 | D:4      | Killed Grinder
  2715 | D:4      | Gained mutation: Your magical capacity is low (-10% MP). [potion of mutation]
  2715 | D:4      | Gained mutation: You possess an exceptional clarity of mind. [potion of mutation]
  2715 | D:4      | Gained mutation: You are dopey. (Int -2) [potion of mutation]
  2947 | D:4      | Found a sparkling altar of Nemelex Xobeh.
  3037 | D:4      | Reached XP level 7. HP: 54/54 MP: 6/6
  3177 | D:5      | Entered Level 5 of the Dungeon
  3190 | D:5      | Noticed a hill giant
  3190 | D:5      | Noticed Edmund
  3205 | D:5      | Lost mutation: You are dopey. (Int -2) [potion of cure mutation]
  3205 | D:5      | Lost mutation: You possess an exceptional clarity of mind. [potion of cure mutation]
  3205 | D:5      | Lost mutation: Your magical capacity is low (-10% MP). [potion of cure mutation]
  3222 | D:5      | Killed a hill giant
  3222 | D:5      | Reached skill level 5 in Maces & Flails
  3235 | D:5      | Killed Edmund
  3235 | D:5      | Reached skill level 5 in Fighting
  3235 | D:5      | Reached skill level 5 in Armour
  3235 | D:5      | Gained mutation: You are slightly more attuned to the shadows. [demonic ancestry]
  3235 | D:5      | Reached XP level 8. HP: 62/62 MP: 8/8
  3432 | D:5      | Reached skill level 6 in Maces & Flails
  3432 | D:5      | Reached skill level 5 in Shields
  3490 | D:5      | Found a glowing silver altar of Zin.
  3501 | D:5      | Found a radiant altar of Vehumet.
  3504 | D:5      | Found a shimmering altar of Xom.
  3507 | D:5      | Found an oddly glowing altar of Pakellas.
  3575 | D:5      | Noticed a troll
  3589 | D:5      | Killed a troll
  3596 | D:5      | HP: 2/64 [orc wizard/puff of frost (8)]
  3596 | D:5      | Killed from afar by an orc wizard

Vault maps used:
D:1:      dpeg_arrival_simpleton_b, st_stairs_12, item_on_display_a
D:2:      nicolae_overflow_crystal_walls, grunt_ministairs_15
D:3:      uniq_terence
D:4:      old_standard_altar, minmay_temple_entry_trees, serial_curves,
          eino_curves_02, eino_curves_01, eino_curves_01,
          minmay_tree_intersection, st_stairs_11, uniq_grinder
D:5:      minmay_opposing_rooms, marbit_many_paths, led_sif_pool,
          grunt_temple_overflow_cloverleaf, first_bread, uniq_edmund
Temple:   hc_temple_tempest_star_small

Action                   |  1- 3 |  4- 6 |  7- 9 || total
-------------------------+-------+-------+-------++-------
Melee: Flail             |    67 |   103 |    87 ||   257
  Use: Scroll            |       |     4 |     8 ||    12
       Potion            |       |     2 |    10 ||    12
 Stab: Invisible         |       |       |     5 ||     5
  Eat: Chunk             |       |     7 |     2 ||     9
